 Dungeon Crawl Stone Soup version 0.31.0-11-ge490571c62 (webtiles) character file.

Game seed: 17420317520012831667

270 Warped the Cudgeller (level 6, -2/37 HPs)
             Began as a Gargoyle Fighter on Jan 27, 2024.
             Splashed by a jelly's acid (9 damage)
             ... on level 4 of the Dungeon.
             The game lasted 00:05:02 (3300 turns).

Warped the Cudgeller (Gargoyle Fighter)             Turns: 3300, Time: 00:05:03

Health: -2/37      AC:  7    Str: 19    XL:     6   Next: 22%
Magic:  6/6        EV:  7    Int:  9    God:
Gold:   258        SH:  5    Dex: 11    Spells: 5/5 levels left

rFire   . . .        a - +0 flail
rCold   . . .        c - +1 buckler
rNeg    + + .        C - +0 chain mail
rPois   ∞            k - +0 hat
rElec   +            D - +1 cloak
rCorr   .            (no gloves)
SInv    .            (no boots)
Will    .....        (no amulet) Stlth
                     e - ring of positive energy
HPRegen 0.26/turn    w - +4 ring of slaying
MPRegen 0.10/turn

%: no passive effects
@: corroded
A: sickness immunity, AC +4, negative energy resistance 1, electricity
resistance, torment resistance 1, petrification resistance
a: no special abilities


You were on level 4 of the Dungeon.
You visited 1 branch of the dungeon, and saw 4 of its levels.

You collected 258 gold pieces.

Inventory:

Hand Weapons
 a - a +0 flail (weapon)
 b - a +0 dagger of venom
 h - the +3 hammer of Nus Ipseha {freeze, rF- Will+ Int+2 Dex+3}
   (You found it on level 3 of the Dungeon)

   Int+2:     It affects your intelligence (+2).
   Dex+3:     It affects your dexterity (+3).
   rF-:       It makes you vulnerable to fire.
   Will+:     It increases your willpower.
 o - a +0 quarterstaff
 q - a +0 mace of holy wrath
Missiles
 n - 15 poisoned darts (quivered)
 s - 31 stones
 E - 6 curare-tipped darts
Armour
 c - a +1 buckler (worn)
 k - a +0 hat (worn)
 z - a +2 leather armour of willpower
 C - a +0 chain mail (worn)
 D - a +1 cloak (worn)
Jewellery
 e - a ring of positive energy (left hand)
 j - an amulet of faith
 w - a +4 ring of slaying (right hand)
Wands
 y - a wand of flame (26)
Scrolls
 l - a scroll of enchant armour
 m - a scroll of immolation {unknown}
 p - a scroll of revelation {unknown}
 t - a scroll of brand weapon {unknown}
 v - a scroll of amnesia
 A - a scroll of teleportation {unknown}
 B - 2 scrolls of identify
Potions
 d - 2 potions of might
 f - a potion of ambrosia {unknown}
 g - 2 potions of mutation {unknown}
 i - 2 potions of curing
 r - a potion of attraction {unknown}
 u - 3 potions of lignification
 x - a potion of magic


   Skills:
 + Level 3.3 Fighting
 * Level 6.2 Maces & Flails
 + Level 3.3 Armour
 + Level 0.1 Dodging
 - Level 3.2 Shields


You had 5 spell levels left.
You didn't know any spells.
Your spell library contained the following spells:

 Spells                   Type           Power      Damage    Failure   Level
 Kiss of Death            Conj/Necr      0%         2d5       99%         1
 Lesser Beckoning         Tloc           0%         N/A       100%        2
 Confusing Touch          Hex            0%         N/A       100%        3
 Gell's Gravitas          Tloc           0%         N/A       100%        3
 Teleport Other           Tloc           0%         N/A       100%        3
 Dispel Undead            Necr           0%         3d6       100%        4


Dungeon Overview and Level Annotations

Branches:
Dungeon (4/15)
 Temple: D:4-7

Altars:
Hepliaklqana


Innate Abilities, Weirdness & Mutations

You are immune to sickness and miasma.
Your stone body is resilient. (AC +4)
You are immune to poison.
You resist negative energy. (rN+)
You are resistant to electric shocks. (rElec)
You are resistant to unholy torment.
You are immune to petrification.


Message History

You are too injured to fight recklessly!
You are too injured to fight recklessly!
You are too injured to fight recklessly!
You are too injured to fight recklessly!
You are too injured to fight recklessly!
You are too injured to fight recklessly!
You are too injured to fight recklessly!
You are too injured to fight recklessly!
You are too injured to fight recklessly!
Unknown command.
You feel better. The jelly hits you but does no damage.
Aiming: Throw Flame
Press: ? - help, Shift-Dir - straight line, f - jelly
Aim: a jelly (heavily wounded, 100% to hit)
The puff of flame hits the jelly.
The jelly is heavily wounded.
The jelly barely misses you.
Unknown command.
You feel better. The jelly barely misses you.
You hit the jelly but do no damage.
The jelly is poisoned.
The acid corrodes you!
Your hands burn!
The jelly is heavily wounded.
The jelly hits you but does no damage.
You hit the jelly.
Your hands burn!
The jelly is severely wounded.
You block the jelly's attack.
You hit the jelly.
Your hands burn!
* * * LOW HITPOINT WARNING * * *
The jelly is severely wounded.
The jelly hits you but does no damage.
Your +0 dagger of venom stops dripping with poison.
a - a +0 flail (weapon)
The jelly barely misses you.
You hit the jelly but do no damage. The acid corrodes you!
Your hands burn!
* * * LOW HITPOINT WARNING * * *
The jelly is almost dead.
The jelly hits you.
* * * LOW HITPOINT WARNING * * *
You are splashed with acid!
You die...

#......).......#
#..............#
#..............#
####.##.....#+##
#...<#.....#
#....#.....#
#..###.....#
##.#####.....
#.@.# +.....+
#.J.# #.....#
#..## #..# #...
#..# #..# #..#


You could see a jelly (very poisoned).

Vanquished Creatures
  Ijyb (D:3)
  Crazy Yiuf (D:3)
  An orc wizard (D:3)
  4 gnolls
  6 adders
  3 dart slugs
  A ribbon worm (D:3)
  11 orcs
  3 ball pythons
  5 bats
  5 endoplasms
  4 giant cockroaches
  9 hobgoblins
  3 jackals (D:1)
  A quokka (D:1)
  6 frilled lizards
  5 goblins
  8 kobolds
  7 rats
84 creatures vanquished.

Notes
Turn   | Place    | Note
-------+----------+-------------------------------------------
     0 | D:1      | Warped the Gargoyle Fighter began the quest for the Orb.
     0 | D:1      | Reached XP level 1. HP: 14/14 MP: 1/1
   135 | D:1      | Reached XP level 2. HP: 14/19 MP: 2/2
   273 | D:1      | Reached skill level 3 in Maces & Flails
   525 | D:1      | Reached XP level 3. HP: 20/23 MP: 3/3
  1141 | D:2      | Reached skill level 4 in Maces & Flails
  1273 | D:2      | Reached XP level 4. HP: 23/28 MP: 4/4
  1387 | D:2      | Found a hazy altar of Hepliaklqana.
  2085 | D:3      | Reached skill level 5 in Maces & Flails
  2085 | D:3      | Reached XP level 5. HP: 20/32 MP: 5/5
  2498 | D:3      | Noticed Ijyb
  2508 | D:3      | Killed Ijyb
  2509 | D:3      | Reached skill level 6 in Maces & Flails
  2646 | D:3      | Reached XP level 6. HP: 37/37 MP: 6/6
  2926 | D:3      | Identified the +3 hammer of Nus Ipseha {freeze, rF- Will+
                  | Int+2 Dex+3}
  3137 | D:3      | Found a runed translucent door.
  3138 | D:3      | Noticed Crazy Yiuf
  3151 | D:3      | Killed Crazy Yiuf
  3300 | D:4      | Splashed by a jelly's acid

Illustrated notes

Levels and vault maps discovered:
D:1:      onia_arrival_mini_maze, layout_basic
D:2:      layout_loops_cross, basic_altar, guppyfry_early_orc_mine
D:3:      minmay_inner_zag, layout_basic, chequers_serial_rivers_micro_c,
          nicolae_grassy_gnolls, uniq_crazy_yiuf_cottage, uniq_ijyb
D:4:      minmay_chambers_of_threes, layout_gridville,
          nicolae_shop_i_like_small_books_too, uniq_pikel

Skill      XL: |  1  2  3  4  5 |
---------------+----------------+-----
Maces & Flails | 3 4 5 6 |  6.2
Fighting       | |  3.3
Armour         | |  3.3
Dodging        | |  0.1
Shields        | |  3.2

Action                     |  1- 3 |  4- 6 || total
---------------------------+-------+-------++-------
  Melee: Flail             |    18 |     1 ||    19
         Dagger            |   100 |   199 ||   299
  Evoke: Wand              |       |     1 ||     1
    Use: Scroll            |       |     6 ||     6
         Potion            |       |     3 ||     3
 Armour: Scale mail        |    70 |   120 ||   190
         Chain mail        |       |    13 ||    13
  Dodge: Dodged            |    44 |    77 ||   121
  Block: Buckler           |    21 |    41 ||    62
